[ AOE2 MATCH · #468009946 ]
UnrankedMagyars vs Bohemians
Player's team · LOSS
Rival team · WIN
[ REPLAY ANALYSIS · EXTRACTED FROM THE RECORDED GAME ]
Feudal
10:07
Castle
20:22
Imperial
39:14
| APM avg | 26.9 |
| APM peak | 103 |
| eAPM avg | 15.9 |
| Villagers / military | 132 / 174 |
Focus
⚔️ 39.2% · 🌾 60.8%
Knight ×80 · Skirmisher ×48 · Cavalry Archer ×33 · Scout Cavalry ×11 · Monk ×1 · Trebuchet (Packed) ×1
Feudal
10:17
Castle
21:52
Imperial
41:10
| APM avg | 45.9 |
| APM peak | 107 |
| eAPM avg | 25.3 |
| Villagers / military | 148 / 166 |
Focus
⚔️ 36.0% · 🌾 64.0%
Spearman ×65 · Skirmisher ×43 · Hussite Wagon ×43 · Trebuchet (Packed) ×6 · Monk ×2 · Mangonel ×2
Match map
Initial resources + every placement click. Lines = walls · curves = elevation contours. ◆ gold · ⬟ stone · ● berries · ✦ relic · ◌ wall gap
Your base· Open — 1t gap
Nachin's base· ✓ Closed at 21:52 · 44t walls · 1 gate(s)
Smoothed initial terrain · ◌ = detected wall gap · hover for details
Inputs per minute
— La frogs - - Nachin
Build order — La frogs
First 150 of 452 actions detected
| 0:01 | Create | Villager (Male) |
| 0:01 | Create | Villager (Male) |
| 0:01 | Create | Villager (Male) |
| 0:02 | Create | Villager (Male) |
| 0:04 | Build | House |
| 0:06 | Build | House |
| 1:29 | Create | Villager (Male) |
| 1:47 | Build | Lumber Camp |
| 2:02 | Create | Villager (Male) |
| 2:02 | Create | Villager (Male) |
| 2:25 | Create | Villager (Male) |
| 2:50 | Create | Villager (Male) |
| 3:03 | Create | Villager (Male) |
| 3:03 | Create | Villager (Male) |
| 3:41 | Create | Villager (Male) |
| 3:42 | Create | Villager (Male) |
| 3:50 | Build | House |
| 3:52 | Build | House |
| 3:58 | Create | Villager (Male) |
| 4:25 | Build | Mill |
| 4:36 | Create | Villager (Male) |
| 4:36 | Create | Villager (Male) |
| 4:54 | Create | Villager (Male) |
| 5:24 | Create | Villager (Male) |
| 5:35 | Create | Villager (Male) |
| 5:44 | Create | Villager (Male) |
| 6:20 | Create | Villager (Male) |
| 6:33 | Research | Loom |
| 7:11 | Create | Villager (Male) |
| 7:57 | Research | Feudal Age |
| 8:01 | Build | Barracks |
| 9:01 | Build | House |
| 9:03 | Create | Villager (Male) |
| 9:33 | Build | Mill |
| 10:07 | Age | Feudal Age |
| 10:09 | Build | Stable |
| 10:15 | Research | Double-Bit Axe |
| 10:29 | Create | Villager (Male) |
| 10:34 | Build | Farm |
| 10:46 | Create | Villager (Male) |
| 10:55 | Build | House |
| 11:03 | Build | Farm |
| 11:07 | Create | Scout Cavalry |
| 11:08 | Create | Scout Cavalry |
| 11:19 | Create | Villager (Male) |
| 11:21 | Build | Farm |
| 11:39 | Create | Villager (Male) |
| 11:44 | Build | Farm |
| 11:52 | Create | Scout Cavalry |
| 12:01 | Build | Farm |
| 12:07 | Create | Villager (Male) |
| 12:23 | Build | Farm |
| 12:32 | Create | Scout Cavalry |
| 12:35 | Create | Villager (Male) |
| 12:37 | Build | Farm |
| 12:45 | Build | Farm |
| 12:48 | Create | Villager (Male) |
| 12:53 | Build | House |
| 12:56 | Build | Palisade Wall |
| 13:24 | Create | Villager (Male) |
| 13:33 | Build | Blacksmith |
| 13:36 | Build | House |
| 13:39 | Build | Palisade Wall |
| 13:45 | Create | Scout Cavalry |
| 13:47 | Create | Villager (Male) |
| 14:10 | Build | Farm |
| 14:25 | Create | Villager (Male) |
| 14:28 | Build | Farm |
| 14:39 | Create | Villager (Male) |
| 14:43 | Create | Villager (Male) |
| 14:46 | Build | Farm |
| 15:01 | Build | Farm |
| 15:06 | Build | Mining Camp |
| 15:37 | Create | Villager (Male) |
| 15:47 | Build | Archery Range |
| 15:53 | Create | Villager (Male) |
| 16:03 | Create | Villager (Male) |
| 16:20 | Build | Lumber Camp |
| 16:44 | Create | Villager (Male) |
| 16:50 | Build | Farm |
| 17:07 | Build | House |
| 17:11 | Create | Skirmisher |
| 17:25 | Build | House |
| 17:33 | Build | Archery Range |
| 17:42 | Research | Castle Age |
| 17:59 | Create | Skirmisher |
| 18:14 | Research | Horse Collar |
| 18:28 | Build | Palisade Wall |
| 18:32 | Build | Palisade Wall |
| 18:41 | Create | Skirmisher |
| 18:45 | Research | Fletching |
| 18:52 | Research | Bloodlines |
| 18:57 | Create | Villager (Male) |
| 19:09 | Research | Padded Archer Armor |
| 19:16 | Create | Villager (Male) |
| 19:19 | Create | Skirmisher |
| 19:20 | Create | Skirmisher |
| 19:54 | Research | Gold Mining |
| 20:22 | Age | Castle Age |
| 20:25 | Research | Thumb Ring |
| 20:26 | Create | Cavalry Archer |
| 20:26 | Create | Cavalry Archer |
| 20:54 | Create | Villager (Male) |
| 21:19 | Create | Villager (Male) |
| 21:28 | Build | Palisade Wall |
| 21:59 | Build | Town Center |
| 22:05 | Create | Cavalry Archer |
| 22:06 | Create | Cavalry Archer |
| 22:08 | Create | Villager (Male) |
| 22:12 | Create | Villager (Male) |
| 22:25 | Create | Cavalry Archer |
| 22:26 | Create | Cavalry Archer |
| 22:28 | Create | Villager (Male) |
| 22:41 | Create | Cavalry Archer |
| 22:41 | Create | Cavalry Archer |
| 22:53 | Create | Villager (Male) |
| 23:10 | Build | House |
| 23:12 | Build | House |
| 23:14 | Build | Palisade Wall |
| 23:15 | Create | Villager (Male) |
| 23:18 | Create | Cavalry Archer |
| 23:18 | Create | Cavalry Archer |
| 23:20 | Research | Bodkin Arrow |
| 23:29 | Research | Wheelbarrow |
| 23:40 | Create | Cavalry Archer |
| 23:40 | Create | Cavalry Archer |
| 23:45 | Create | Villager (Male) |
| 23:50 | Build | House |
| 23:58 | Build | House |
| 23:59 | Create | Villager (Male) |
| 24:00 | Create | Villager (Male) |
| 24:17 | Build | Town Center |
| 24:22 | Create | Cavalry Archer |
| 24:25 | Create | Villager (Male) |
| 24:27 | Create | Villager (Male) |
| 24:46 | Research | Bow Saw |
| 24:52 | Create | Cavalry Archer |
| 24:53 | Create | Cavalry Archer |
| 25:01 | Create | Villager (Male) |
| 25:07 | Build | Farm |
| 25:10 | Build | Farm |
| 25:17 | Build | Farm |
| 25:19 | Create | Villager (Male) |
| 25:32 | Build | House |
| 25:35 | Create | Cavalry Archer |
| 25:35 | Create | Cavalry Archer |
| 25:36 | Create | Villager (Male) |
| 25:46 | Create | Villager (Male) |
| 25:53 | Build | House |
| 25:57 | Build | Palisade Wall |
Build order — Nachin
First 150 of 360 actions detected
| 0:02 | Build | House |
| 0:05 | Create | Villager (Male) |
| 0:05 | Create | Villager (Male) |
| 0:06 | Build | House |
| 0:17 | Create | Villager (Male) |
| 0:27 | Create | Villager (Male) |
| 1:35 | Create | Villager (Male) |
| 1:36 | Create | Villager (Male) |
| 1:58 | Build | Lumber Camp |
| 2:04 | Create | Villager (Male) |
| 2:14 | Create | Villager (Male) |
| 2:46 | Create | Villager (Male) |
| 3:11 | Create | Villager (Male) |
| 3:29 | Build | House |
| 3:40 | Create | Villager (Male) |
| 3:40 | Create | Villager (Male) |
| 4:14 | Create | Villager (Male) |
| 4:14 | Create | Villager (Male) |
| 4:15 | Create | Villager (Male) |
| 4:36 | Build | Mill |
| 5:08 | Create | Villager (Male) |
| 5:08 | Create | Villager (Male) |
| 5:20 | Create | Villager (Male) |
| 5:38 | Create | Villager (Male) |
| 5:43 | Build | House |
| 6:11 | Build | Palisade Gate |
| 6:18 | Build | Mill |
| 6:21 | Create | Villager (Male) |
| 6:47 | Research | Loom |
| 7:42 | Create | Villager (Male) |
| 8:06 | Research | Feudal Age |
| 8:15 | Build | Mining Camp |
| 9:18 | Build | House |
| 9:55 | Build | Barracks |
| 10:10 | Build | Palisade Wall |
| 10:17 | Age | Feudal Age |
| 10:20 | Create | Villager (Male) |
| 10:24 | Build | Blacksmith |
| 10:35 | Create | Villager (Male) |
| 10:44 | Build | Palisade Wall |
| 10:49 | Create | Villager (Male) |
| 10:51 | Build | Palisade Wall |
| 10:53 | Build | Palisade Wall |
| 10:54 | Build | Palisade Wall |
| 11:15 | Build | Palisade Wall |
| 11:16 | Create | Villager (Male) |
| 11:17 | Create | Spearman |
| 11:19 | Create | Villager (Male) |
| 11:45 | Build | Archery Range |
| 11:48 | Create | Villager (Male) |
| 11:51 | Create | Spearman |
| 11:54 | Create | Villager (Male) |
| 12:08 | Build | Lumber Camp |
| 12:09 | Create | Villager (Male) |
| 12:21 | Create | Villager (Male) |
| 12:42 | Build | Palisade Wall |
| 12:49 | Build | Farm |
| 12:50 | Create | Villager (Male) |
| 13:04 | Create | Spearman |
| 13:09 | Build | House |
| 13:14 | Research | Horse Collar |
| 13:30 | Create | Villager (Male) |
| 13:33 | Build | Farm |
| 13:36 | Research | Double-Bit Axe |
| 13:40 | Create | Spearman |
| 13:45 | Build | Palisade Wall |
| 13:56 | Create | Villager (Male) |
| 13:59 | Create | Spearman |
| 14:22 | Create | Villager (Male) |
| 14:28 | Build | House |
| 14:38 | Build | Farm |
| 14:38 | Build | Farm |
| 14:49 | Build | Farm |
| 14:51 | Build | Farm |
| 14:51 | Create | Villager (Male) |
| 15:05 | Build | House |
| 15:08 | Build | House |
| 15:23 | Build | Farm |
| 15:25 | Build | Farm |
| 15:28 | Create | Villager (Male) |
| 15:29 | Build | Farm |
| 15:30 | Create | Villager (Male) |
| 15:53 | Build | Farm |
| 16:00 | Create | Villager (Male) |
| 16:11 | Build | Farm |
| 16:12 | Build | Farm |
| 16:29 | Build | Farm |
| 17:05 | Research | Town Watch |
| 17:26 | Build | Market |
| 17:34 | Research | Wheelbarrow |
| 19:12 | Research | Castle Age |
| 19:15 | Build | House |
| 19:17 | Build | Palisade Wall |
| 19:45 | Build | Mining Camp |
| 20:32 | Build | House |
| 20:48 | Build | Palisade Wall |
| 21:52 | Age | Castle Age |
| 22:00 | Build | Town Center |
| 22:03 | Build | Town Center |
| 22:16 | Build | Palisade Wall |
| 22:17 | Research | Bow Saw |
| 22:22 | Build | Town Center |
| 22:28 | Build | Town Center |
| 22:33 | Create | Villager (Male) |
| 22:50 | Build | Siege Workshop |
| 22:56 | Research | Heavy Plow |
| 22:58 | Create | Villager (Male) |
| 23:17 | Create | Villager (Male) ×5 |
| 23:19 | Create | Mangonel |
| 23:22 | Research | Man-at-Arms (upgrade) |
| 23:23 | Build | Farm |
| 23:26 | Build | Farm |
| 23:27 | Create | Villager (Male) ×5 |
| 23:29 | Build | Farm |
| 23:42 | Create | Villager (Male) |
| 24:00 | Create | Villager (Male) ×4 |
| 24:33 | Create | Villager (Male) |
| 24:34 | Create | Villager (Male) ×5 |
| 24:57 | Build | Castle |
| 25:03 | Create | Villager (Male) ×2 |
| 25:06 | Build | Farm |
| 25:06 | Build | Farm |
| 25:06 | Build | Farm |
| 25:08 | Create | Villager (Male) |
| 25:11 | Build | Farm |
| 25:21 | Create | Villager (Male) |
| 25:39 | Create | Villager (Male) |
| 25:57 | Build | Mining Camp |
| 26:11 | Create | Hussite Wagon |
| 26:21 | Create | Villager (Male) ×3 |
| 26:41 | Build | Castle |
| 26:46 | Create | Hussite Wagon |
| 26:47 | Create | Villager (Male) ×3 |
| 26:50 | Build | Farm |
| 26:51 | Build | Farm |
| 27:11 | Create | Villager (Male) |
| 27:15 | Build | Farm |
| 27:17 | Create | Hussite Wagon |
| 27:34 | Build | Lumber Camp |
| 27:38 | Create | Villager (Male) ×3 |
| 27:47 | Create | Villager (Male) |
| 27:53 | Create | Hussite Wagon |
| 27:54 | Create | Hussite Wagon |
| 27:55 | Create | Villager (Male) |
| 28:22 | Create | Hussite Wagon |
| 28:23 | Create | Hussite Wagon |
| 28:23 | Create | Villager (Male) ×2 |
| 28:24 | Create | Villager (Male) |
| 28:25 | Create | Villager (Male) |
| 28:37 | Create | Villager (Male) |
Match timeline
| 8:01 | La frogs · first_building Barracks |
| 9:55 | Nachin · first_building Barracks |
| 10:07 | La frogs · age_up feudal |
| 10:09 | La frogs · first_building Stable |
| 10:10 | Nachin · wall_segment Palisade Wall x4 |
| 10:17 | Nachin · age_up feudal |
| 10:44 | Nachin · wall_segment Palisade Wall x7 |
| 10:51 | Nachin · wall_segment Palisade Wall x1 |
| 10:53 | Nachin · wall_segment Palisade Wall x1 |
| 10:54 | Nachin · wall_segment Palisade Wall x1 |
| 11:15 | Nachin · wall_segment Palisade Wall x4 |
| 11:45 | Nachin · first_building Archery Range |
| 12:42 | Nachin · wall_segment Palisade Wall x6 |
| 12:56 | La frogs · wall_segment Palisade Wall x5 |
| 13:39 | La frogs · wall_segment Palisade Wall x7 |
| 13:45 | Nachin · wall_segment Palisade Wall x4 |
| 15:47 | La frogs · first_building Archery Range |
| 18:28 | La frogs · wall_segment Palisade Wall x14 |
| 18:32 | La frogs · wall_segment Palisade Wall x11 |
| 19:08 | Nachin · first_market_buy 100 food |
| 19:17 | Nachin · wall_segment Palisade Wall x4 |
| 20:22 | La frogs · age_up castle |
| 20:48 | Nachin · wall_segment Palisade Wall x12 |
| 21:28 | La frogs · wall_segment Palisade Wall x5 |
| 21:52 | Nachin · age_up castle |
| 22:16 | Nachin · wall_segment Palisade Wall x1 |
| 22:50 | Nachin · first_building Siege Workshop |
| 23:14 | La frogs · wall_segment Palisade Wall x3 |
| 24:57 | Nachin · first_building Castle |
| 25:57 | La frogs · wall_segment Palisade Wall x5 |
| 30:16 | La frogs · first_building Monastery |
| 31:33 | Nachin · first_market_sell 100 wood |
| 35:22 | La frogs · first_market_sell 100 wood |
| 35:24 | La frogs · first_market_buy 100 food |
| 35:50 | Nachin · first_building Monastery |
| 36:50 | Nachin · wall_segment Stone Wall x2 |
| 39:14 | La frogs · age_up imperial |
| 40:13 | Nachin · wall_segment Stone Wall x6 |
| 40:55 | Nachin · wall_segment Stone Wall x6 |
| 41:10 | Nachin · age_up imperial |
| 41:17 | Nachin · first_building Stable |
| 42:23 | Nachin · wall_segment Stone Wall x8 |
| 43:00 | La frogs · first_building Castle |
| 43:49 | Nachin · wall_segment Stone Wall x1 |
| 43:52 | Nachin · wall_segment Stone Wall x3 |
| 43:54 | Nachin · wall_segment Stone Wall x1 |
| 46:49 | La frogs · resign |
[ AI ANALYSIS · 1 CREDIT ]
What really happened in this match?
Wolo.gg analyzes every decision: build order, eco, micro, common mistakes by bracket. Personalized analysis on WhatsApp or Discord in 30 seconds.
Civ guide
Magyars
Perfil
La frogs